 Seeded DCSS version 0.30.0-5-g1a98f26d00 (webtiles) character file.

Game seed: 18007716519941398942 (custom seed)

17584 IndexError the Fighter (level 12, -1/100 HPs)
             Began as a Djinni Ice Elementalist on May 11, 2023.
             Was a Plaything of Xom.
             Slain by a merfolk siren
             ... wielding a +0 spear
              (11 damage)
             ... on level 2 of the Lair of Beasts.
             The game lasted 00:25:44 (12798 turns).

IndexError the Fighter (Djinni Ice Elementalist)   Turns: 12798, Time: 00:25:44

Health: -1/100     AC: 12    Str:  2    XL:     12   Next: 84%
Gold:   739        EV: 11    Int: 25    God:    Xom [.....*] SH:  0 Dex: 16

rFire   + + .        q - +4 hand crossbow (freeze)
rCold   x . .        (no shield)
rNeg    . . .        j - +0 acid dragon scales
rPois   ∞            m - +0 hat {Will+}
rElec   .            v - +2 cloak
rCorr   +            F - +0 pair of gloves
SInv    .            (boots unavailable)
Will    +++..        d - amulet of faith {Faith, !P}
Stlth   +++          B - +4 ring of protection
HPRegen 0.36/turn    s - ring of willpower
MPRegen 0.00/turn

%: faith, infuse magic (-2 HP)
@: flying, studying Spellcasting
A: sickness immunity, fire resistance 2, cold vulnerability 1, float, innate
caster, HP casting, extra vitality 1, thin skeletal structure 1, clever 1,
deformed body, sense surroundings 1, shaggy fur 1, weak 2
a: Renounce Religion


You were on level 2 of the Lair of Beasts.
You worshipped Xom.
You were Xom's teddy bear.
You visited 2 branches of the dungeon, and saw 12 of its levels.

You collected 739 gold pieces.

Inventory:

Hand Weapons
 q - a +4 hand crossbow of freezing (weapon)
   (You acquired it on level 1 of the Dungeon)
 r - the +2 hand axe "Plog" {drain, +Blink rCorr}
   (You found it on level 2 of the Dungeon)

   +Blink:    It lets you blink.
   rCorr:     It protects you from acid and corrosion.
Missiles
 p - 5 throwing nets {=f, !d}
 x - 6 atropa-tipped darts
Armour
 j - +0 acid dragon scales (worn)
   (You found it on level 8 of the Dungeon)
 m - a +0 hat of willpower (worn)
   (You took it off Gastronok on level 8 of the Dungeon)
 v - a +2 cloak (worn)
   (You found it on level 2 of the Dungeon)
 F - a +0 pair of gloves (worn)
   (You found it on level 10 of the Dungeon)
Jewellery
 d - an amulet of faith (around neck) {Faith, !P}
   (You found it on level 1 of the Dungeon)
 f - an amulet of the acrobat
   (You found it on level 1 of the Dungeon)
 s - a ring of willpower (right hand)
   (You found it on level 2 of the Dungeon)
 z - a ring of positive energy {rN+}
   (You found it on level 3 of the Dungeon)
 B - a +4 ring of protection (left hand)
   (You found it on level 2 of the Dungeon)
Wands
 a - a wand of paralysis (6)
   (You found it on level 9 of the Dungeon)
 A - a wand of flame (11)
   (You found it on level 9 of the Dungeon)
 D - a wand of polymorph (11)
   (You found it on level 4 of the Dungeon)
 I - a wand of mindburst (18)
   (You took it off Ijyb on level 5 of the Dungeon)
 J - a wand of light (13)
   (You found it on level 1 of the Lair of Beasts)
Scrolls
 b - 2 scrolls of magic mapping {!r}
 c - 4 scrolls of amnesia
 i - a scroll of poison {unknown}
 k - a scroll of brand weapon
 o - 2 scrolls of fog
 w - a scroll of noise {unknown}
 C - a scroll of torment {!r}
 E - 3 scrolls of teleportation
 K - a scroll of butterflies
 L - a scroll of blinking {!r}
Potions
 e - 2 potions of berserk rage {!q}
 g - 5 potions of attraction {!q}
 h - a potion of brilliance
 l - 6 potions of might
 n - 2 potions of heal wounds
 t - a potion of resistance
 u - a potion of haste
 G - 6 potions of curing
 H - a potion of ambrosia {unknown}
Miscellaneous
 y - a piece from Xom's chessboard (15/15)
   (You found it on level 3 of the Dungeon)


   Skills:
 - Level 14.0 Fighting
 + Level 8.6 Dodging
 - Level 1.5 Stealth
 - Level 14.0 Spellcasting
 * Level 3.2 Evocations


You knew the following spells:

 Your Spells              Type           Power      Damage    Failure   Level
a - Freeze                Ice            100%       1d10      1%          1
b - Frozen Ramparts       Ice            100%       1d16      1%          3
c - Summon Ice Beast      Ice/Summ       73%        N/A       1%          4
d - Poisonous Vapours     Pois/Air       100%       N/A       1%          2
e - Ignite Poison         Fire/Tmut/Pois 73%        N/A       1%          3
f - Silence               Hex/Air        36%        N/A       1%          5
g - Apportation           Tloc           100%       N/A       1%          1
x - Mephitic Cloud        Conj/Pois/Air  73%        N/A       1%          3
A - Ozocubu's Armour      Ice            73%        N/A       1%          3
Your spell library was empty.

Dungeon Overview and Level Annotations

Branches:
Dungeon (10/15)            Temple (0/1) D:7            Lair (2/5) D:10
    Orc (0/2) D:9
  Swamp: Lair:2-3    Shoals: Lair:2-3     Snake: Lair:2-3    Spider: Lair:2-3

Altars:
Cheibriados
Makhleb
Nemelex Xobeh
Okawaru
Qazlal
Ru
Trog
Wu Jian
Xom
Yredelemnul
Zin
The Shining One

Shops:
D:2 :   D:6 ?   D:7 (


Innate Abilities, Weirdness & Mutations

You are immune to sickness and miasma.
You are immune to poison.
Your flesh is very heat resistant. (rF++)
You are vulnerable to cold. (rC-)
You float through the air rather than walking.
You learn spells naturally, not from books.
Your magical power is your life essence.
You have superior vitality. (+4 MHP)
You have a somewhat thin skeletal structure. (Dex +2, Stealth+)
Your mind is acute. (Int +4, Str/Dex -1)
Armour fits poorly on your strangely shaped body.
You passively map a small area around you.
You are covered in fur. (AC +1)
You are very weak. (Str -4)


Message History

You are too injured to fight recklessly!
You are too injured to fight recklessly!
Fire: q) +4 hand crossbow (freeze)
Press: ? - help, Q - select action, (/) - cycle Shift-Dir - straight line, f/p - merfolk
Aim: a merfolk, wielding a +0 trident (moderately wounded, ally target, 66% to hit)
You shoot a bolt. The bolt misses the merfolk.
The merfolk closely misses you.
Your iron imp hits the merfolk but does no damage.
The merfolk hits you from afar with a +0 trident!
Your iron imp hits the merfolk.
You take 7 damage, and have 43/100 hp.
Fire: q) +4 hand crossbow (freeze)
Press: ? - help, Q - select action, (/) - cycle Shift-Dir - straight line, f/p - merfolk
Aim: a merfolk, wielding a +0 trident (moderately wounded, ally target, 66% to hit)
You shoot a bolt. The bolt hits the merfolk!
The bolt freezes the merfolk.
The merfolk closely misses you.
A merfolk siren comes into view. It is wielding a +0 spear.
The merfolk hits you from afar with a +0 trident!
Your iron imp barely misses the merfolk.
You take 9 damage, and have 34/100 hp.
Fire: q) +4 hand crossbow (freeze)
Press: ? - help, Q - select action, (/) - cycle Shift-Dir - straight line, f/p - merfolk
Aim: a merfolk, wielding a +0 trident (severely wounded, ally target, 66% to hit)
You shoot a bolt. The bolt barely misses the merfolk.
The merfolk barely misses you.
Your iron imp hits the merfolk!
The merfolk hits your iron imp with a +0 trident.
The merfolk siren chants a haunting song.
You easily resist.
Your iron imp hits the merfolk but does no damage.
Fire: q) +4 hand crossbow (freeze)
Press: ? - help, Q - select action, (/) - cycle Shift-Dir - straight line, f/p - merfolk
Aim: a merfolk, wielding a +0 trident (severely wounded, not watching you, ally target, 66% to hit)
You shoot a bolt. The bolt hits the merfolk!
The bolt freezes the merfolk.
The merfolk siren chants a haunting song.
You resist with almost no effort. The merfolk misses you.
The merfolk hits you from afar with a +0 trident.
The merfolk siren hits your iron imp with a +0 spear.
Your iron imp misses the merfolk.
The merfolk hits you from afar with a +0 trident.
The merfolk siren chants a haunting song.
You resist with almost no effort.
Fire: q) +4 hand crossbow (freeze)
Press: ? - help, Q - select action, (/) - cycle Shift-Dir - straight line, f/p - merfolk
Aim: a merfolk, wielding a +0 trident (almost dead, ally target, 66% to hit)
You shoot a bolt. The bolt barely misses the merfolk.
Your iron imp hits the merfolk.
Your iron imp hits the merfolk siren but does no damage.
The merfolk siren chants a haunting song.
You resist with almost no effort.
Fire: q) +4 hand crossbow (freeze)
Press: ? - help, Q - select action, (/) - cycle Shift-Dir - straight line, f - merfolk siren
Aim: a merfolk siren, wielding a +0 spear (ally target, 66% to hit)
You shoot a bolt.
The bolt completely misses the merfolk siren. "Boo!"
You are now Xom's teddy bear.
You hear a shout!
You hear a trumpeting! x3
Your iron imp barely misses the merfolk siren.
The merfolk siren hits you but does no damage.
The merfolk siren closely misses you.
Your iron imp hits the merfolk siren.
Fire: q) +4 hand crossbow (freeze)
Press: ? - help, Q - select action, (/) - cycle Shift-Dir - straight line, f/p - merfolk siren
Aim: a merfolk siren, wielding a +0 spear (lightly wounded, ally target, 66% to hit)
You shoot a bolt. The bolt hits the merfolk siren.
The bolt freezes the merfolk siren.
The merfolk siren hits you but does no damage.
Your iron imp closely misses the merfolk siren.
The merfolk siren hits you but does no damage.
Fire: q) +4 hand crossbow (freeze)
Press: ? - help, Q - select action, (/) - cycle Shift-Dir - straight line, f/p - merfolk siren
Aim: a merfolk siren, wielding a +0 spear (lightly wounded, ally target, 66% to hit)
You shoot a bolt. The bolt hits the merfolk siren.
The bolt freezes the merfolk siren.
Your iron imp hits the merfolk siren but does no damage.
The merfolk siren hits you from afar with a +0 spear!
* * * LOW HITPOINT WARNING * * *
Your iron imp hits the merfolk siren.
The merfolk siren chants a haunting song.
You resist with almost no effort.
Fire: q) +4 hand crossbow (freeze)
Press: ? - help, Q - select action, (/) - cycle Shift-Dir - straight line, f/p - merfolk siren
Aim: a merfolk siren, wielding a +0 spear (moderately wounded, ally target, 66% to hit)
You shoot a bolt. The bolt hits the merfolk siren!
The bolt freezes the merfolk siren.
The merfolk siren hits you from afar with a +0 spear.
* * * LOW HITPOINT WARNING * * *
Your iron imp barely misses the merfolk siren.
The merfolk siren chants a haunting song.
You resist with almost no effort.
Your iron imp hits the merfolk siren.
Fire: q) +4 hand crossbow (freeze)
Press: ? - help, Q - select action, (/) - cycle Shift-Dir - straight line, f/p - merfolk siren
Aim: a merfolk siren, wielding a +0 spear (severely wounded, ally target, 66% to hit)
You shoot a bolt. The bolt hits the merfolk siren!
The bolt freezes the merfolk siren.
The merfolk siren hits you from afar with a +0 spear!
* * * LOW HITPOINT WARNING * * *
Xom is interested.
Your iron imp hits the merfolk siren.
The merfolk siren hits you from afar with a +0 spear!
You die...

#...#..## * , * ,*
#.......# *, .## *
#.....#># .# .. * ,
#......## #.# #.# ,
##.##.## ##.# ..## ,
#...#.# #..###...### ,
##..#.######..#.......#.
,
##....†.................
* *
#.##..#..P#.....@.....#*
#.##.........#......###,
* ####.#.#.#P...[...m.#
####.###P#.#...5)# ###
###........~. *
#.#.P....## ######P###
*##


You could see a merfolk siren (ally target) and a friendly iron imp (summoned).

Vanquished Creatures
  Gastronok (D:8)
  Harold (D:9)
  Erica (D:8)
  Nergalle (D:10)
  A manticore (D:10)
  A merfolk siren (Lair:2)
  3 cane toads
  A kobold demonologist (D:6)
  A komodo dragon (D:10)
  A troll (D:9)
  Grinder (D:5)
  13 yaks
  Eustachio (D:6)
  4 wyverns
  A basilisk (D:10)
  2 steam dragons
  An acid dragon (D:8)
  A floating eye (D:9)
  5 water moccasins
  2 ice beasts (D:7)
  An orc warrior (D:10)
  2 black bears
  3 ogres
  5 wolves (Lair:2)
  7 centaurs
  3 phantoms (D:5)
  2 kobold brigands (D:7)
  Blork the orc (D:4)
  3 gnoll sergeants
  5 bullfrogs
  2 scorpions
  9 wights
  7 killer bees (D:9)
  A crimson imp (D:9)
  2 jellies
  4 gnoll boudas
  An orc priest (D:6)
  3 hounds
  A sleepcap (D:4)
  Crazy Yiuf (D:7)
  3 iguanas
  Ijyb (D:5)
  5 orc wizards
  33 gnolls
  4 adders
  6 shadow imps
  2 white imps
  3 worms (D:2)
  4 dart slugs
  15 orcs
  3 bats
  10 endoplasms
  4 giant cockroaches
  11 goblins
  2 hobgoblins (D:1)
  6 jackals
  4 quokkas
  7 ball pythons
  4 frilled lizards
  20 kobolds
  6 rats
259 creatures vanquished.

Vanquished Creatures (collateral kills)
  A cane toad (Lair:1)
  A merfolk (Lair:2)
  A troll (D:9)
  A water moccasin (Lair:1)
4 creatures vanquished.

Grand Total: 263 creatures vanquished

Notes
Turn   | Place    | Note
-------+----------+-------------------------------------------
     0 | D:1      | IndexError the Djinni Ice Elementalist began the quest for
                  | the Orb.
     0 | D:1      | IndexError set off with the following spells memorised:
                  | Freeze, Frozen Ramparts, Ozocubu's Armour, Summon Ice
                  | Beast.
     0 | D:1      | Reached XP level 1. HP: 15/15 MP: 0/0
    57 | D:1      | HP: 3/15 [jackal (2)]
   143 | D:1      | Reached XP level 2. HP: 21/21 MP: 0/0
   394 | D:1      | Reached XP level 3. HP: 25/25 MP: 0/0
   394 | D:1      | Learned a level 1 spell: Apportation
   457 | D:1      | Reached skill level 4 in Spellcasting
   777 | D:1      | Found a faded altar of an unknown god.
   777 | D:1      | Noticed a neqoxec
  1144 | D:1      | Identified 3 scrolls of acquirement
  1144 | D:1      | Acquired a +3 hand crossbow of flaming
  1148 | D:1      | Acquired a manual of Spellcasting
  1150 | D:1      | Acquired a manual of Spellcasting
  1201 | D:2      | Reached XP level 4. HP: 29/31 MP: 0/0
  1318 | D:2      | Identified the +2 hand axe "Plog" {drain, +Blink rCorr}
  1443 | D:2      | Found Lemucar's Book Boutique.
  1836 | D:2      | You are sucked into a shaft and drop 1 floor!
  1840 | D:3      | Reached skill level 5 in Spellcasting
  1844 | D:3      | Found a stormy altar of Qazlal.
  1884 | D:3      | Found a glowing golden altar of the Shining One.
  2079 | D:3      | Found a shimmering altar of Xom.
  2085 | D:3      | Became a worshipper of Xom of Bloodstained Whimsey
  2487 | D:3      | Found a glowing silver altar of Zin.
  2677 | D:3      | XOM: divination: detect creatures
  2698 | D:3      | XOM: divination: magic mapping
  2821 | D:4      | Noticed Blork the orc
  2826 | D:4      | Killed Blork the orc
  2827 | D:4      | Reached skill level 6 in Spellcasting
  2827 | D:4      | Reached XP level 5. HP: 26/35 MP: 0/0
  2827 | D:4      | Learned a level 2 spell: Poisonous Vapours
  2913 | D:4      | Found a sparkling altar of Nemelex Xobeh.
  2965 | D:4      | Reached XP level 6. HP: 37/40 MP: 0/0
  2969 | D:4      | XOM: divination: magic mapping
  3180 | D:4      | Found an ornate altar of the Wu Jian Council.
  3383 | D:4      | Reached skill level 7 in Spellcasting
  3407 | D:4      | XOM: silly message
  3503 | D:5      | Entered Level 5 of the Dungeon
  3504 | D:5      | XOM: silly message
  3505 | D:5      | XOM: potion effect (invisibility)
  3511 | D:5      | Reached XP level 7. HP: 43/45 MP: 0/0
  3511 | D:5      | Learned a level 3 spell: Ignite Poison
  3526 | D:5      | Reached skill level 8 in Spellcasting
  3604 | D:5      | Reached skill level 9 in Spellcasting
  3604 | D:5      | Reached XP level 8. HP: 50/50 MP: 0/0
  3621 | D:5      | Noticed Ijyb
  3627 | D:5      | Killed Ijyb
  3673 | D:5      | XOM: silly message
  3732 | D:5      | Noticed Grinder
  3743 | D:5      | XOM: potion effect (invisibility)
  3748 | D:5      | Reached skill level 10 in Spellcasting
  3752 | D:5      | XOM: potion effect (might)
  3757 | D:5      | Killed Grinder
  3859 | D:5      | Reached skill level 11 in Spellcasting
  3903 | D:5      | XOM is BORED!
  3903 | D:5      | XOM: swap monsters
  3909 | D:5      | HP: 10/50 [wight/+4 halberd (8)]
  4065 | D:5      | XOM is BORED!
  4127 | D:5      | Reached XP level 9. HP: 46/55 MP: 0/0
  4127 | D:5      | Learned a level 3 spell: Mephitic Cloud
  4252 | D:5      | XOM: give mutations
  4252 | D:5      | Gained mutation: You occasionally shout uncontrollably at
                  | your foes. [Xom's mischief]
  4252 | D:5      | Gained mutation: Your natural rate of healing is unusually
                  | fast. [Xom's mischief]
  4252 | D:5      | Gained mutation: Your muscles are strong. (Str +4, Int/Dex
                  | -1) [Xom's mischief]
  4472 | D:5      | XOM: give mutations
  4472 | D:5      | Lost mutation: Your natural rate of healing is unusually
                  | fast. [Xom's mischief]
  4472 | D:5      | Gained mutation: You possess an exceptional clarity of
                  | mind. [Xom's mischief]
  4472 | D:5      | Lost mutation: You occasionally shout uncontrollably at
                  | your foes. [Xom's mischief]
  4472 | D:5      | Lost mutation: You possess an exceptional clarity of mind.
                  | [Xom's mischief]
  4523 | D:5      | XOM: noise
  4561 | D:5      | Found a sacrificial altar of Ru.
  4607 | D:6      | XOM: stealth player
  4677 | D:6      | Found a basalt altar of Yredelemnul.
  4685 | D:6      | Reached skill level 12 in Spellcasting
  4685 | D:6      | Reached skill level 2 in Fighting
  4712 | D:6      | Reached skill level 3 in Fighting
  4825 | D:6      | XOM: 4-stop teleportation journey
  5078 | D:6      | Reached skill level 4 in Fighting
  5227 | D:6      | Noticed Eustachio
  5253 | D:6      | Killed Eustachio
  5254 | D:6      | Reached skill level 5 in Fighting
  5344 | D:6      | Noticed a kobold demonologist
  5346 | D:6      | XOM: silly message
  5358 | D:6      | Noticed a sun demon
  5361 | D:6      | Noticed a rust devil
  5362 | D:6      | Noticed a smoke demon
  5365 | D:6      | Killed a kobold demonologist
  5366 | D:6      | Reached skill level 6 in Fighting
  5482 | D:6      | XOM: silly message
  5544 | D:6      | Found Bevuivysk's Magic Scroll Shop.
  5746 | D:6      | XOM: noise
  6084 | D:7      | Found Voneir's Antique Weapon Shop.
  6090 | D:7      | Reached skill level 7 in Fighting
  6090 | D:7      | Reached XP level 10. HP: 74/75 MP: 0/0
  6154 | D:7      | Found a staircase to the Ecumenical Temple.
  6464 | D:7      | Found a bloodstained altar of Trog.
  6479 | D:7      | Reached skill level 8 in Fighting
  6610 | D:7      | XOM: potion effect (experience)
  6610 | D:7      | Reached skill level 13 in Fighting
  6610 | D:7      | Reached XP level 11. HP: 76/92 MP: 0/0
  6610 | D:7      | Learned a level 5 spell: Silence
  6701 | D:7      | XOM: 8-stop teleportation journey
  6897 | D:7      | XOM: summons 1 hostile shadow creature
  7032 | D:7      | XOM: cloud trail
  7227 | D:7      | Found a runed translucent door.
  7228 | D:7      | Noticed Crazy Yiuf
  7234 | D:7      | Killed Crazy Yiuf
  7505 | D:8      | Noticed Erica
  7515 | D:8      | Killed Erica
  7541 | D:8      | Noticed Gastronok
  7573 | D:8      | XOM: god gift: club {god gift}
  7585 | D:8      | XOM: swap monsters
  7706 | D:8      | Found an iron altar of Okawaru.
  7814 | D:8      | Killed Gastronok
  7815 | D:8      | Reached skill level 14 in Fighting
  7815 | D:8      | Reached skill level 3 in Dodging
  8022 | D:8      | XOM: scenery: create altars
  8064 | D:8      | XOM: give mutation
  8064 | D:8      | Gained mutation: You sometimes lose your temper in combat.
                  | [Xom's mischief]
  8204 | D:9      | Noticed Harold
  8211 | D:9      | XOM: repel stairs
  8216 | D:9      | HP: 23/94 [Harold/+0 trident (6)]
  8218 | D:9      | Found a staircase to the Orcish Mines.
  8218 | D:9      | XOM: 9-stop teleportation journey
  8317 | D:9      | XOM: summons 4 hostile demons
  8675 | D:9      | XOM: cast spell 'Summon Mana Viper'
  8678 | D:9      | Reached skill level 4 in Dodging
  8702 | D:9      | Killed Harold
  8874 | D:9      | XOM: 1-stop teleportation journey
  9114 | D:9      | Found a burning altar of Makhleb.
  9137 | D:9      | XOM: silly message
  9191 | D:9      | Reached skill level 5 in Dodging
  9258 | D:9      | Paralysed by a floating eye for 2 turns
  9279 | D:9      | Reached XP level 12. HP: 49/100 MP: 0/0
  9346 | D:9      | XOM: scenery: create altars
  9462 | D:9      | XOM: scenery: create altars
  9467 | D:9      | Reached skill level 13 in Spellcasting
  9728 | D:9      | XOM: give mutations
  9728 | D:9      | Lost mutation: Your muscles are strong. (Str +4, Int/Dex
                  | -1) [Xom's mischief]
  9728 | D:9      | Gained mutation: You are strong-willed. (Will+) [Xom's
                  | mischief]
  9728 | D:9      | Lost mutation: You are strong-willed. (Will+) [Xom's
                  | mischief]
  9728 | D:9      | Gained mutation: You have a somewhat thin skeletal
                  | structure. (Dex +2, Stealth+) [Xom's mischief]
  9761 | D:9      | Reached skill level 6 in Dodging
  9904 | D:10     | Entered Level 10 of the Dungeon
  9961 | D:10     | Noticed Nergalle
  9965 | D:10     | XOM: confuse monster(s)
  9976 | D:10     | Killed Nergalle
 10288 | D:10     | Found a snail-covered altar of Cheibriados.
 10326 | D:10     | XOM: give mutations
 10326 | D:10     | Gained mutation: You are weak. (Str -2) [Xom's mischief]
 10326 | D:10     | Gained mutation: You passively map a small area around you.
                  | [Xom's mischief]
 10428 | D:10     | XOM: 1-stop teleportation journey
 10484 | D:10     | XOM: give mutations
 10484 | D:10     | Gained mutation: Armour fits poorly on your strangely
                  | shaped body. [Xom's mischief]
 10484 | D:10     | Gained mutation: You have a beak for a mouth. [Xom's
                  | mischief]
 10484 | D:10     | Lost mutation: You have a beak for a mouth. [Xom's
                  | mischief]
 10484 | D:10     | Gained mutation: You are very weak. (Str -4) [Xom's
                  | mischief]
 10487 | D:10     | XOM: stat loss: -1 Dex (16/17)
 10492 | D:10     | XOM: give mutations
 10492 | D:10     | Gained mutation: Your mind is acute. (Int +4, Str/Dex -1)
                  | [Xom's mischief]
 10492 | D:10     | Gained mutation: You are covered in fur. (AC +1) [Xom's
                  | mischief]
 10492 | D:10     | Lost mutation: You sometimes lose your temper in combat.
                  | [Xom's mischief]
 10559 | D:10     | Reached skill level 7 in Dodging
 10797 | D:10     | XOM: cast spell 'Alistair's Intoxication'
 10879 | D:10     | XOM: potion effect (brilliance)
 10887 | D:10     | HP: 11/100 [komodo dragon (19)]
 10917 | D:10     | XOM: cloud trail
 10942 | D:10     | XOM: divination: magic mapping
 11034 | D:10     | XOM: silly message
 11041 | D:10     | XOM: divination: magic mapping
 11095 | D:10     | XOM: silly message
 11178 | D:10     | Found a staircase to the Lair.
 11216 | D:10     | XOM: noise
 11291 | Lair:1   | Entered Level 1 of the Lair of Beasts
 11310 | Lair:1   | XOM: smoke on damage
 11374 | Lair:1   | XOM: silly message
 11608 | Lair:1   | Reached skill level 8 in Dodging
 11612 | Lair:1   | XOM: divination: magic mapping
 11990 | Lair:1   | HP: 21/100 [cane toad (8)]
 11991 | Lair:1   | XOM: summons 12 friendly demons
 11997 | Lair:1   | Reached skill level 14 in Spellcasting
 12155 | Lair:1   | XOM: god gift: wand of light (6)
 12326 | Lair:1   | XOM: god gift: wand of mindburst (10)
 12544 | Lair:1   | XOM: scenery: summon butterflies
 12565 | Lair:1   | XOM: summons 5 hostile demons
 12675 | Lair:2   | Reached skill level 1 in Evocations
 12743 | Lair:2   | XOM: summons friendly crimson imp
 12744 | Lair:2   | Reached skill level 2 in Evocations
 12749 | Lair:2   | XOM: summons friendly iron imp
 12789 | Lair:2   | Reached skill level 3 in Evocations
 12794 | Lair:2   | XOM: noise
 12797 | Lair:2   | HP: 25/100 [merfolk siren/+0 spear (2)]
 12798 | Lair:2   | HP: 10/100 [merfolk siren/+0 spear (16)]
 12798 | Lair:2   | Slain by a merfolk siren

Illustrated notes

Levels and vault maps discovered:
D:1:      psy_arrival_dodecagon, layout_basic,
          dreamdust_ecumenical_altar_sealed_demon
D:2:      layout_loops_cross, serial_shops, shop, minmay_misc_feat_cross,
          glass_columns_c, minmay_ruptured
D:3:      layout_basic, xom_butterflies, nicolae_qazlal_scattered_showers,
          nicolae_overflow_crystal_walls, tso_oasis_becter
D:4:      layout_cave_pools, kennysheep_mini, nicolae_wu_jian_wuxing_cycle,
          serial_column_ruins, column_ruins_circle_small, column_ruins_grid_3,
          column_ruins_open_large, column_ruins_grid_1, column_ruins_grid_1,
          column_ruins_open_tiny, chequers_hall_statues_wall_a,
          chequers_serial_rivers_micro_c, uniq_blork_the_orc
D:5:      minmay_evil_eye, layout_rooms, nicolae_ru_the_path_less_chosen,
          uniq_ijyb, uniq_grinder
D:6:      layout_basic, mainiacjoe_overflow_paths, serial_shops,
          nicolae_shop_tiny_statue_garden, uniq_eustachio
D:7:      layout_basic, trog_three_pillars_becter,
          minmay_temple_entry_antechambers, serial_shops, shop,
          patterned_corridor, uniq_crazy_yiuf_cottage
D:8:      layout_basic, mainiacjoe_overflow_brackets, minmay_misc_feat_rows,
          uniq_erica, uniq_gastronok
D:9:      layout_stronghold, grunt_temple_overflow_lords_of_destruction,
          orc_0_dummy, onia_ninara_cookie, uniq_harold
D:10:     layout_loops_ring, kiku_gazebo_garden_becter, cheibriados_altar_1,
          erik_lair_dragon, reono_crystal_passage, uniq_nergalle
Lair:1:   layout_cave_pods, hangedman_lair_unloving_vines, serial_bayou_pond_a,
          st_stairs_4, lemuel_fruit_tree
Lair:2:   minmay_lair_oklob_tunnel, layout_loops_ring,
          elwin_shoals_entry_stream, minmay_snake_entry_six_corridors

Skill      XL: |  1  2  3  4  5  6  7  8  9 10 11 12 |
---------------+-------------------------------------+-----
Spellcasting   | 4 6 7 9 11 12 14 | 14.0
Fighting       | 7 13 14 | 14.0
Dodging        | 5 8 |  8.6
Evocations     | 3 |  3.2
Stealth        | |  1.5

Action                     |  1- 3 |  4- 6 |  7- 9 | 10-12 || total
---------------------------+-------+-------+-------+-------++-------
   Fire: Sling             |    71 |       |       |       ||    71
         Hand crossbow     |     4 |    74 |   191 |   357 ||   626
   Cast: Freeze            |    22 |     7 |     3 |       ||    32
         Frozen Ramparts   |       |     3 |     6 |    16 ||    25
         Ozocubu's Armour  |       |     1 |     9 |    22 ||    32
    Use: Scroll            |     3 |       |    20 |     4 ||    27
 Armour: Robe              |     7 |    12 |    69 |       ||    88
         Leather armour    |       |       |    23 |    61 ||    84
         Acid dragon scale |       |       |       |   137 ||   137
  Dodge: Dodged            |    23 |    17 |   140 |   268 ||   448

Levels and vault maps discovered:
D:1:      psy_arrival_dodecagon, layout_basic,
          dreamdust_ecumenical_altar_sealed_demon
D:2:      layout_loops_cross, serial_shops, shop, minmay_misc_feat_cross,
          glass_columns_c, minmay_ruptured
D:3:      layout_basic, xom_butterflies, nicolae_qazlal_scattered_showers,
          nicolae_overflow_crystal_walls, tso_oasis_becter
D:4:      layout_cave_pools, kennysheep_mini, nicolae_wu_jian_wuxing_cycle,
          serial_column_ruins, column_ruins_circle_small, column_ruins_grid_3,
          column_ruins_open_large, column_ruins_grid_1, column_ruins_grid_1,
          column_ruins_open_tiny, chequers_hall_statues_wall_a,
          chequers_serial_rivers_micro_c, uniq_blork_the_orc
D:5:      minmay_evil_eye, layout_rooms, nicolae_ru_the_path_less_chosen,
          uniq_ijyb, uniq_grinder
D:6:      layout_basic, mainiacjoe_overflow_paths, serial_shops,
          nicolae_shop_tiny_statue_garden, uniq_eustachio
D:7:      layout_basic, trog_three_pillars_becter,
          minmay_temple_entry_antechambers, serial_shops, shop,
          patterned_corridor, uniq_crazy_yiuf_cottage
D:8:      layout_basic, mainiacjoe_overflow_brackets, minmay_misc_feat_rows,
          uniq_erica, uniq_gastronok
D:9:      layout_stronghold, grunt_temple_overflow_lords_of_destruction,
          orc_0_dummy, onia_ninara_cookie, uniq_harold
D:10:     layout_loops_ring, kiku_gazebo_garden_becter, cheibriados_altar_1,
          erik_lair_dragon, reono_crystal_passage, uniq_nergalle
Lair:1:   layout_cave_pods, hangedman_lair_unloving_vines, serial_bayou_pond_a,
          st_stairs_4, lemuel_fruit_tree
Lair:2:   minmay_lair_oklob_tunnel, layout_loops_ring,
          elwin_shoals_entry_stream, minmay_snake_entry_six_corridors

Table legend: (Time is in decaauts)
 A = Elapsed time spent in this place.
 B = Non-inter-level travel time spent in this place.
 C = Inter-level travel time spent in this place.
 D = Time resting spent in this place.
 E = Time spent auto-exploring this place.
 F = Levels seen in this place.
 G = Mean time per level.
                   A        B        C        D        E       F      G
               +--------+--------+--------+--------+--------+-----+--------+
         Total |  13432 |  12488 |    944 |    228 |  10201 |  12 | 1119.3 |
       Dungeon |  11837 |  10999 |    838 |    228 |   8925 |  10 | 1183.7 |
          Lair |   1595 |   1489 |    106 |      0 |   1276 |   2 |  797.5 |
               +--------+--------+--------+--------+--------+-----+--------+

Top non-repeatable levels by time:
     D:9: 1828 daAuts
     D:7: 1449 daAuts
    D:10: 1416 daAuts
  Lair:1: 1399 daAuts
     D:6: 1349 daAuts
     D:5: 1310 daAuts
     D:1: 1265 daAuts
     D:8: 879 daAuts
     D:3: 874 daAuts
     D:2: 784 daAuts
     D:4: 679 daAuts
  Lair:2: 195 daAuts

Table legend:
 A = Kills in this place as a percentage of kills in the entire game.
 B = Kills by you in this place as a percentage of kills by you in the entire game.
 C = Kills by friends in this place as a percentage of kills by friends in the entire game.
 D = Other kills in this place as a percentage of other kills in the entire game.
 E = Experience gained in this place as a percentage of experience gained in the entire game.
 F = Experience gained in this place divided by the number of levels of this place that you have seen.
                   A       B       C       D       E      F
               +-------+-------+-------+-------+-------+----------------------
         Total | 100.0 | 100.0 | 100.0 |   N/A | 100.0 | 1711.8
       Dungeon |  92.0 |  93.1 |  25.0 |   N/A |  77.6 | 1594.3
          Lair |   8.0 |   6.9 |  75.0 |   N/A |  22.4 | 2299.0
               +-------+-------+-------+-------+-------+----------------------
